 Dungeon Crawl Stone Soup version 0.30.0-30-g96aa6591b8 (webtiles) character file.

Game seed: 14904513515975597908

12814 booth the Cleaver (level 11, 0/77 HPs)
             Began as a Demonspawn Reaver on June 25, 2023.
             Was a Believer of Hepliaklqana.
             Slain by a shadow (21 damage)
             ... on level 11 of the Dungeon on June 26, 2023.
             The game lasted 01:42:44 (12451 turns).

booth the Cleaver (Demonspawn Reaver)              Turns: 12451, Time: 01:42:45

Health: 0/77       AC: 10    Str: 15 (16) XL:     11   Next: 67%
Magic:  22/22      EV: 14    Int: 12 (14) God:    Hepliaklqana [**....]
Gold:   606        SH:  0    Dex: 11 (13) Spells: 15/24 levels left

rFire   + . .        i - +0 war axe (protect)
rCold   + + .        (no shield)
rNeg    . . .        r - +2 robe {Will+}
rPois   .            v - +1 hat {Will+}
rElec   .            j - scarf {rC+ rF+}
rCorr   .            a - +1 pair of gloves
SInv    .            (no boots)
Will    ++...        (no amulet)
Stlth   +            p - +4 ring of slaying
HPRegen 0.32/turn    F - ring of protection from cold
MPRegen 0.18/turn

%: no passive effects
@: no status effects
A: reduced essence, antennae 2, yellow scales 2, icemail 1, powered by death 1,
condensation shield
a: Renounce Religion, Recall Ancestor, Ancestor Identity


You were on level 11 of the Dungeon.
You worshipped Hepliaklqana.
Hepliaklqana was pleased with you.
You visited 2 branches of the dungeon, and saw 12 of its levels.
You also visited: Bailey.

You collected 606 gold pieces.

Inventory:

Hand Weapons
 i - a +0 war axe of protection (weapon)
 t - a +4 hand axe of freezing
 z - a +3 dire flail of protection
 J - a +3 mace of freezing
Missiles
 e - 14 boomerangs (quivered)
 k - 33 poisoned darts
 C - 3 boomerangs of dispersal
 D - 3 javelins
 N - a throwing net
 O - 5 silver boomerangs
Armour
 a - a +1 pair of gloves (worn)
 b - a +0 leather armour
 g - the +0 leather armour "Feca Qupt" {*Slow rPois rN++ MP+9}
   (You found it on level 6 of the Dungeon)

   rPois:     It protects you from poison.
   rN:        It greatly protects you from negative energy.
   MP:        It affects your magic capacity (+9).
   *Slow:     It may slow you when you take damage.
 j - a scarf of resistance (worn)
 r - a +2 robe of willpower (worn)
 v - a +1 hat of willpower (worn)
 w - a +2 ring mail of cold resistance
 I - the +6 scale mail of Usiud {Dex+6}
   (You found it in a bailey)

   Dex:       It affects your dexterity (+6).
Jewellery
 l - an amulet of magic regeneration
 p - a +4 ring of slaying (left hand)
 F - a ring of protection from cold (right hand)
 M - a +6 ring of intelligence
Wands
 d - a wand of iceblast (5)
 y - a wand of mindburst (21)
 A - a wand of polymorph (11)
 Q - a wand of flame (11)
Scrolls
 m - 3 scrolls of teleportation
 o - 3 scrolls of blinking
 s - a scroll of brand weapon
 u - a scroll of silence
 G - a scroll of magic mapping
Potions
 c - 4 potions of lignification
 f - a potion of berserk rage
 h - a potion of brilliance
 n - 3 potions of magic
 q - 3 potions of invisibility
 x - 5 potions of mutation
 B - a potion of might
 E - 4 potions of curing
 H - a potion of attraction
 K - 8 potions of ambrosia
 L - a potion of degeneration
 P - a potion of cancellation
 R - a potion of flight {unknown}


   Skills:
 + Level 7.9 Fighting
 * Level 10.4(10.7) Axes
 - Level 3.6(7.6) Maces & Flails
 - Level 3.5 Armour
 + Level 7.3 Dodging
 + Level 7.4 Spellcasting
 + Level 8.2 Conjurations


You had 15 spell levels left.
You knew the following spells:

 Your Spells              Type           Power      Damage    Failure   Level
a - Kiss of Death         Conj/Necr      56%        2d9       2%          1
b - Momentum Strike       Conj/Tloc      28%        3d8       4%          2
c - Hailstorm             Conj/Ice       14%        3d5       9%          3
d - Mephitic Cloud        Conj/Pois/Air  11%        N/A       16%         3

Your spell library contained the following spells:

 Spells                   Type           Power      Damage    Failure   Level
 Portal Projectile        Hex/Tloc       8%         N/A       43%         3
 Tukima's Dance           Hex            4%         N/A       43%         3
 Freezing Cloud           Conj/Ice/Air   5%         6-21      80%         5
 Manifold Assault         Tloc           4%         N/A       83%         4
 Blade Hands              Tmut           2%         N/A       99%         5
 Dispersal                Tloc           2%         N/A       100%        6
 Disjunction              Tloc           2%         N/A       100%        8


Dungeon Overview and Level Annotations

Branches:
Dungeon (11/15)            Temple (1/1) D:6          Bailey (visited)
   Lair: D:8-11         Orc: D:9-12

Altars:
Ashenzari
Cheibriados
Dithmenos
Fedhas
Gozag
Hepliaklqana
Kikubaaqudgha
Makhleb
Nemelex Xobeh
Okawaru
Qazlal
Ru
Sif Muna
Trog
Uskayaw
Vehumet
Wu Jian
Xom
Yredelemnul

Shops:
D:2 [

Annotations:
D:8 2 transporters, middlethird's ghost, novice VSAE
D:11 Erolcha


Innate Abilities, Weirdness & Mutations

Your life essence is reduced to manifest your ancestor. (-10% HP)
You have a pair of antennae on your head.
You are mostly covered in yellow scales. (AC +3)
A meltable icy envelope protects you from harm. (AC +0)
You regenerate a little health from kills.
A meltable shield of frost defends you. (SH +0)


Message History

Things that are here:
a +0 giant spiked club; a +0 giant club You miss something.
You hit something.
Your weapon exudes an aura of protection.
You hear some strange, mumbled words.
Something tries to affect you, but you resist.
Kendall hits something with a +0 flail!
You closely miss something.
You hear some strange, mumbled words.
You swap places.
Things that are here:
a warg corpse; a warg corpse You closely miss something.
The shadow strikes at you from the darkness!
Reactivating autopickup.
You closely miss the shadow. The shadow hits you.
You closely miss the shadow. The shadow hits you.
You slash the shadow!
Your weapon exudes an aura of protection.
The shadow is moderately damaged.
The shadow hits you.
You closely miss the shadow.
The shadow is moderately damaged.
You hear some strange, mumbled words.
A fireball appears from out of thin air!
The fireball explodes!
Deactivating autopickup; reactivate with Ctrl-A.
The fireball engulfs you!
Your icy defences dissipate!
You resist.
The fireball engulfs the shadow.
The fireball engulfs Kendall!
Kendall resists.
The shadow hits you.
* * * LOW HITPOINT WARNING * * *
The shadow completely misses you.
Kendall hits the shadow with a +0 flail!
The shadow slips into darkness.
The shadow flickers and vanishes!
The shadow strikes at you from the darkness!
You die...

#..... .... ....
... ..# #.# #.# #
#@###### ##
#.{#..{## ##.
##R#....########.#
#){.{..........##
#....##.....#.###
#......#....#....
#..#....#..#.....
##.#....###...[..
#.....###.......


You could see the friendly Kendall the knight.

Vanquished Creatures
  An orc knight (Bailey)
  A deep elf pyromancer (Bailey)
  An ugly thing (D:11)
  A komodo dragon (D:11)
  2 trolls (D:9)
  A vampire (D:9)
  2 shadows (D:9)
  3 steam dragons
  A warg (D:11)
  Edmund (D:5)
  2 water moccasins (D:6)
  Duvessa (D:5)
  7 orc warriors
  An ice beast (D:7)
  A sky beast (D:7)
  2 black bears
  3 ogres
  4 centaurs
  3 phantoms
  2 kobold brigands
  2 bullfrogs
  A gnoll sergeant (D:9)
  9 wights
  2 scorpions (D:5)
  33 killer bees
  Dowan (D:5)
  4 howler monkeys
  3 jellies
  7 hounds
  6 orc priests
  8 orc wizards
  A sleepcap (D:4)
  4 iguanas
  4 adders
  8 gnolls
  A shadow imp (D:6)
  A white imp (D:7)
  2 ufetubi
  2 worms
  2 dart slugs
  33 orcs
  4 endoplasms
  10 goblins
  8 hobgoblins
  5 jackals
  18 kobolds
  4 quokkas
  10 ball pythons
  4 bats
  3 frilled lizards
  4 rats
244 creatures vanquished.

Vanquished Creatures (collateral kills)
  A two-headed ogre (D:11)
  A troll (D:11)
  A queen bee (D:9)
  3 wargs (D:11)
  A black bear (D:8)
  A centaur (D:8)
  A kobold brigand (D:8)
  3 wights
  3 killer bees (D:9)
  A lava snake (D:10)
  3 orc priests (D:8)
  An orc wizard (D:10)
  3 orcs (D:10)
  2 goblins (D:8)
25 creatures vanquished.

Vanquished Creatures (others)
  4 ancestors
4 creatures vanquished.

Grand Total: 273 creatures vanquished

Notes
Turn   | Place    | Note
-------+----------+-------------------------------------------
     0 | D:1      | booth the Demonspawn Reaver began the quest for the Orb.
     0 | D:1      | Reached XP level 1. HP: 16/16 MP: 3/3
   399 | D:1      | Gained mutation: You are partially covered in yellow
                  | scales. (AC +2) [demonic ancestry]
   399 | D:1      | Reached XP level 2. HP: 17/22 MP: 5/5
   820 | D:1      | Learned a level 2 spell: Momentum Strike
  1173 | D:2      | Found Yptu's Armour Boutique.
  1190 | D:2      | Found a broken altar of Ashenzari.
  1420 | D:2      | Reached skill level 3 in Axes
  1423 | D:2      | Gained mutation: You have a pair of small antennae on your
                  | head. [demonic ancestry]
  1423 | D:2      | Reached XP level 3. HP: 20/28 MP: 6/6
  2007 | D:2      | Learned a level 3 spell: Hailstorm
  2132 | D:3      | You fall into a shaft and drop 1 floor!
  2240 | D:4      | Gained mutation: You are mostly covered in yellow scales.
                  | (AC +3) [demonic ancestry]
  2240 | D:4      | Reached XP level 4. HP: 29/34 MP: 7/7
  2515 | D:3      | Found a stormy altar of Qazlal.
  2866 | D:3      | Got Ipeer's Teachings on Overhead Filth
  2967 | D:3      | Reached XP level 5. HP: 39/40 MP: 9/9
  2972 | D:3      | Learned a level 3 spell: Mephitic Cloud
  3075 | D:3      | Found a faded altar of an unknown god.
  3878 | D:4      | Noticed a phantom
  3893 | D:4      | Killed a phantom
  3894 | D:4      | Reached skill level 4 in Axes
  3894 | D:4      | Reached XP level 6. HP: 35/47 MP: 10/10
  3966 | D:5      | Entered Level 5 of the Dungeon
  4169 | D:5      | Reached XP level 7. HP: 46/52 MP: 12/12
  4239 | D:5      | Noticed Dowan
  4241 | D:5      | Noticed Duvessa
  4246 | D:5      | Reached skill level 5 in Axes
  4812 | D:5      | Gained mutation: A meltable shield of frost defends you.
                  | (SH +0) [demonic ancestry]
  4812 | D:5      | Reached XP level 8. HP: 54/60 MP: 12/14
  4841 | D:5      | Noticed Edmund
  4852 | D:5      | Killed Edmund
  5004 | D:5      | Killed Duvessa
  5005 | D:5      | Reached skill level 5 in Conjurations
  5006 | D:5      | Killed Dowan
  5361 | D:5      | Reached skill level 6 in Axes
  5624 | D:6      | Identified the +0 leather armour "Feca Qupt" {*Slow rPois
                  | rN++ MP+9}
  6056 | D:6      | Reached skill level 5 in Fighting
  6214 | D:6      | Gained mutation: You have a pair of antennae on your head.
                  | [demonic ancestry]
  6214 | D:6      | Reached XP level 9. HP: 68/68 MP: 16/16
  6237 | D:6      | Found a staircase to the Ecumenical Temple.
  6243 | Temple   | Entered the Ecumenical Temple
  6439 | Temple   | Became a worshipper of Hepliaklqana the Forgotten
  6725 | D:6      | Reached skill level 8 in Axes
  6725 | D:6      | Gained mutation: A meltable icy envelope protects you from
                  | harm. (AC +0) [demonic ancestry]
  6725 | D:6      | Reached XP level 10. HP: 77/77 MP: 16/19
  7322 | D:7      | Found a blossoming altar of Fedhas.
  7376 | D:7      | Found a flagged portal.
  7459 | Bailey   | Entered a bailey
  7614 | Bailey   | Found a large runed translucent door.
  7614 | Bailey   | Found a large runed translucent door.
  7682 | Bailey   | Reached skill level 9 in Axes
  7685 | Bailey   | Noticed an orc knight
  7703 | Bailey   | Killed an orc knight
  7734 | Bailey   | Noticed a deep elf pyromancer
  7857 | Bailey   | Killed a deep elf pyromancer
  7882 | Bailey   | Identified the +6 scale mail of Usiud {Dex+6}
  8714 | D:8      | Reached * piety under Hepliaklqana
  8781 | D:8      | Found a transporter.
  8822 | D:8      | Found a transporter.
  8824 | D:8      | Noticed middlethird's ghost (novice VSAE)
  9435 | D:8      | Found an iron altar of Okawaru.
 10024 | D:9      | Gained mutation: You regenerate a little health from kills.
                  | [demonic ancestry]
 10024 | D:9      | Reached XP level 11. HP: 58/75 MP: 21/21
 10731 | D:9      | Upgraded the game from 0.30.0-29-ga12c61a403 to
                  | 0.30.0-30-g96aa6591b8
 10978 | D:9      | Reached skill level 10 in Axes
 11056 | D:9      | Reached ** piety under Hepliaklqana
 11057 | D:9      | Remembered your ancestor Kendall as a knight
 11474 | D:10     | Entered Level 10 of the Dungeon
 11655 | D:10     | Noticed a two-headed ogre
 11716 | D:10     | Found an opulent altar of Gozag.
 12079 | D:11     | Noticed a cyan ugly thing
 12087 | D:11     | Killed a cyan ugly thing
 12404 | D:11     | Noticed a two-headed ogre
 12412 | D:11     | Noticed Erolcha
 12413 | D:11     | Killed a two-headed ogre
 12451 | D:11     | Slain by a shadow

Illustrated notes

Levels and vault maps discovered:
D:1:      minmay_arrival_widening_spiral_wide, layout_loops_cross,
          minmay_split_cup_small
D:2:      wander_river, layout_basic, serial_shops, shop, basic_altar,
          minmay_box_of_dots
D:3:      layout_loops_ring, nicolae_qazlal_general_emergency,
          shapermc_ecumenical_altar_mp_urbaneastern
D:4:      layout_gridville, roderic_serpentine_path
D:5:      layout_basic, grunt_ministairs_4, uniq_edmund, uniq_duvessa
D:6:      layout_rooms, minmay_temple_entry_fiery, dreamdust_wishing_well,
          kennysheep_opposing_triangles
D:7:      layout_loops_ring, nicolae_elyvilon_temple_path,
          grunt_temple_overflow_open, enter_bailey_5
D:8:      kennysheep_steamy, layout_basic, kennysheep_okawaru_gauntlet,
          gammafunk_ghost_arena
D:9:      layout_basic, special_room [special_room_bee]
D:10:     layout_big_octagon, mainiacjoe_overflow_alcove_4, kennysheep_path_1
D:11:     layout_cave_pods, erik_lair_island, minmay_orc_entry_guard_dogs,
          minmay_misc_feat_chi, grunt_ministairs_10, uniq_erolcha
Temple:   nicolae_temple_slightly_damp_pantheon

Skill      XL: |  1  2  3  4  5  6  7  8  9 10 11 |
---------------+----------------------------------+-----
Dodging        | 2 3 4 6 7 |  7.3
Axes           | 3 4 5 6 8 9 10 | 10.4
Fighting       | 3 4 5 6 7 |  7.9
Spellcasting   | 3 4 6 7 |  7.4
Conjurations   | 4 5 7 8 |  8.2
Maces & Flails | 3 |  3.6
Armour         | 3 |  3.5

Action                     |  1- 3 |  4- 6 |  7- 9 | 10-12 || total
---------------------------+-------+-------+-------+-------++-------
  Melee: Hand axe          |   128 |   110 |   173 |   186 ||   597
         Punch             |     3 |     2 |     5 |     6 ||    16
         War axe           |       |       |       |   242 ||   242
  Throw: Dart              |       |     1 |     6 |    28 ||    35
         Boomerang         |       |       |     2 |     6 ||     8
         Javelin           |       |       |     5 |    10 ||    15
   Cast: Hailstorm         |       |     2 |       |     4 ||     6
         Kiss of Death     |       |     1 |     2 |     1 ||     4
         Mephitic Cloud    |       |       |       |     1 ||     1
 Invoke: Ancestor Identity |       |       |       |     1 ||     1
         Ancestor Life: Kn |       |       |       |     1 ||     1
    Use: Scroll            |     4 |     3 |     4 |     7 ||    18
         Potion            |     1 |     2 |     5 |     3 ||    11
   Stab: Sleeping          |     1 |       |       |       ||     1
         Confused          |       |       |       |     2 ||     2
         Distracted        |       |       |       |     1 ||     1
 Armour: Leather armour    |    44 |    46 |    27 |       ||   117
         Robe              |       |       |     9 |   190 ||   199
  Dodge: Dodged            |    75 |    85 |    97 |   317 ||   574
  Block: Other             |       |       |    15 |    56 ||    71
